 Dungeon Crawl Stone Soup version 0.18.1-48-g4cf74bf (webtiles) character file.

372 Heedrag the Conjurer (level 6, -6/32 HPs)
             Began as a Deep Elf Conjurer on Aug 27, 2016.
             Mangled by a gnoll
             ... wielding a +0 halberd
              (10 damage)
             ... on level 3 of the Dungeon.
             The game lasted 00:05:00 (2567 turns).

Heedrag the Conjurer (Deep Elf Conjurer)            Turns: 2567, Time: 00:05:00

Health: -6/32      AC:  2    Str:  7    XL:     6   Next: 43%
Magic:  6/15       EV:  8    Int: 20    God:
Gold:   219        SH:  0    Dex: 15    Spells: 3 memorised, 4 levels left

rFire  . . .     SeeInvis .     o - +2 dagger (venom)
rCold  . . .     Gourm    .     a - +0 robe
rNeg   . . .     Faith    .     (no shield)
rPois  .         Spirit   .     (no helmet)
rElec  .         Dismiss  .     (no cloak)
rCorr  .         Reflect  .     (no gloves)
SustAt .         Harm     .     (no boots)
MR     .....                    (no amulet)
Stlth  +++.......               (no ring)
                                (no ring)

@: not resistant to hostile enchantments, fairly stealthy
A: no striking features
a: no special abilities


You were on level 3 of the Dungeon.
You were hungry.

You visited 1 branch of the dungeon, and saw 4 of its levels.

You collected 219 gold pieces.

Inventory:

Hand Weapons
 f - a +2 dagger of draining
 o - a +2 dagger of venom (weapon)
Armour
 a - a +0 robe (worn)
Scrolls
 g - 3 scrolls of remove curse {unknown}
 h - 6 scrolls of identify {unknown}
 j - a scroll of teleportation {unknown}
 k - a scroll of fear {unknown}
 l - 3 scrolls of recharging {unknown}
 p - a scroll of blinking {unknown}
 q - a scroll of enchant weapon {unknown}
Potions
 d - a potion of magic {unknown}
 e - 2 potions of resistance {unknown}
 i - 5 potions of curing {unknown}
 n - a potion of brilliance {unknown}
 r - a potion of ambrosia {unknown}
Books
 b - a book of Conjurations

   Spells                             Type                      Level
   a - Magic Dart                     Conjuration                  1
   b - Searing Ray                    Conjuration                  2
   c - Dazzling Spray                 Conjuration/Hexes            3
   d - Fulminant Prism                Conjuration/Hexes            4
   e - Iskenderun's Mystic Blast      Conjuration                  4
   f - Iskenderun's Battlesphere      Conjuration/Charms           5
Comestibles
 c - 5 bread rations
 m - a beef jerky


   Skills:
 - Level 3.5 Dodging
 - Level 4.0 Stealth
 + Level 4.9 Spellcasting
 * Level 6.4 Conjurations
 + Level 3.1 Charms


You had 4 spell levels left.
You knew the following spells:

 Your Spells              Type           Power        Failure   Level  Hunger
a - Magic Dart            Conj           ####         1%          1    None
b - Iskenderun's Mystic   Conj           ####....     10%         4    ####...
c - Iskenderun's Battles  Conj/Chrm      ###.....     58%         5    ######.


Dungeon Overview and Level Annotations

Branches:
Dungeon (4/15)
 Temple: D:4-7

Altars:


Message History

Aim: a gnoll, wieldin' a whip (heavily wounded) Tha magic dart hits tha gnoll.
Tha gnoll be almost dead.
Tha gnoll shouts!
Tha gnoll hits ye from afar wit' a halberd!
* * * LOW HITPOINT WARNIN'
* * * Tha gnoll hits ye wit' a whip.
* * * LOW HITPOINT WARNIN'
* * * Castin': Magic Dart Confirm wit' . or Enter, or press ? or * ta list all spells.
Aimin': Iskenderun's Mestic Blast
Press: ? - help, Shift-Dir - straight line, f/p - gnoll
Aim: a gnoll, wieldin' a whip (severely wounded) Tha orb o' energy hits tha gnoll.
Ye kill tha gnoll!
Tha orb o' energy 'splodes!
Yer magical contamination has completely faded away.
Thar be a stone staircase leadin' down 'ere.
Tha gnoll hits ye from afar wit' a halberd!
Ye die...

###### #........####...........
###.....## ##.##......( #..g##.#
#.)..[.....
#.#....######..>#....[.
####...####.......##......
#####.....g##.(...###.###....<
##..........g.....## #...##...#
###.............[#### ###.######
........###.....@# #.###
......### #..)...# #...## ..<...#
###.#### ###..### ......# #.#
##...# ......# ##.## #####.#
......######...############......
..<.................(............
.................................
############...###########.......


You could see 2 gnolls.

Vanquished Creatures
  A centaur (D:4)
  A giant frog skeleton (D:4)
  2 orc priests (D:3)
  An orc wizard (D:3)
  2 worker ants
  2 gnolls (D:3)
  6 adders
  A worm (D:3)
  2 dart slugs
  4 orcs
  2 ball pythons
  4 bats
  4 giant cockroaches
  5 goblins
  4 hobgoblins
  A quokka (D:4)
  11 kobolds
  A quokka skeleton (D:4)
  5 rats
59 creatures vanquished.

Notes
Turn   | Place    | Note
--------------------------------------------------------------
     0 | D:1      | Heedrag the Deep Elf Conjurer began the quest for the Orb.
     0 | D:1      | Reached XP level 1. HP: 10/10 MP: 6/6
   197 | D:1      | Reached XP level 2. HP: 15/15 MP: 2/8
   647 | D:1      | You fall through a shaft!
   864 | D:2      | Reached XP level 3. HP: 19/19 MP: 5/10
  1313 | D:4      | Noticed a centaur
  1319 | D:4      | Killed a centaur
  1319 | D:4      | Reached skill level 5 in Conjurations
  1319 | D:4      | Reached XP level 4. HP: 2/24 MP: 4/12
  1319 | D:4      | Reached XP level 5. HP: 3/28 MP: 4/13
  1332 | D:4      | Learned a level 4 spell: Iskenderun's Mystic Blast
  1338 | D:4      | Learned a level 5 spell: Iskenderun's Battlesphere
  1840 | D:4      | Reached skill level 1 in Charms
  2169 | D:3      | Reached skill level 6 in Conjurations
  2182 | D:3      | Reached XP level 6. HP: 32/32 MP: 7/14
  2567 | D:3      | Mangled by a gnoll

Skill      XL: |  1  2  3  4  5  6 |
---------------+-------------------+-----
Stealth        | 3 4 |  4.0
Dodging        | 3 |  3.5
Spellcasting   | 4 |  4.9
Conjurations   | 5 6 |  6.4
Charms         | 2 3 |  3.1

Action                   |  1- 3 |  4- 6 || total
-------------------------+-------+-------++-------
Melee: Dagger            |     6 |     3 ||     9
 Cast: Magic Dart        |    76 |    79 ||   155
       Iskenderun's Myst |       |     1 ||     1
  Eat: Chunk             |       |     4 ||     4
Armor: Robe              |     3 |     3 ||     6
Dodge: Dodged            |    18 |    12 ||    30
